 Dungeon Crawl Stone Soup version 0.32-a0-614-gd166fa89d2 (webtiles) character file.

Game seed: 13054193675098959520

60 kae the Slasher (level 4, -2/49 HPs)
             Began as a Coglin Gladiator on Mar 5, 2024.
             Incinerated by a bombardier beetle (5 damage)
             ... with a burning spray
             ... on level 3 of the Dungeon.
             The game lasted 00:01:00 (1458 turns).

kae the Slasher (Coglin Gladiator)                  Turns: 1458, Time: 00:01:00

Health: -2/49      AC: 22    Str: 14    XL:     4   Next: 6%
Magic:  4/4        EV:  2    Int:  7    God:
Gold:   101        SH:  0    Dex: 16    Spells: 3/3 levels left

rFire   . . .        a - +0 long sword {Therese}
rCold   . . .        f - +0 dagger {Cuetlachtli}
rNeg    . . .        b - melded +0 leather armour
rPois   +            c - melded +0 helmet
rElec   .            l - melded +0 cloak
rCorr   .            (gloves currently unavailable)
SInv    .            k - melded +0 pair of boots
Will    .....        (no amulet)
Stlth   +            (no ring)
HPRegen 0.28/turn    (no ring)
MPRegen 0.09/turn    (no gizmo)

%: no passive effects
@: on fire, tree-form, glowing, revving
A: stationary, stasis, torment immunity, boosted hp, off-hand wielding, slow
wielding, warmup strikes, (no jewellery), clumsy 1, (poison resistance)
a: Invent Gizmo


You were on level 3 of the Dungeon.
You were a tree.
You visited 1 branch of the dungeon, and saw 3 of its levels.

You collected 101 gold pieces.


Innate Abilities, Weirdness & Mutations

You are a tree.
Your roots penetrate the ground, keeping you stationary.
You cannot be teleported.
You are immune to unholy pain and torment.
Your maximum health is greatly increased.
Your equipment is partially melded.
You can wield a second weapon in your off-hand.
It takes a long time for you to wield or remove held weapons.
Your first few attacks do less damage.
((You cannot equip rings or amulets.))
You are clumsy. (Dex -2)
((Your system is resistant to poisons. (rPois)))


   Skills:
 - Level 2.0 Fighting
 + Level 4.8 Long Blades
 - Level 1.7 Throwing
 - Level 2.6 Dodging


You had 3 spell levels left.
You didn't know any spells.
Your spell library contained the following spells:

 Spells                   Type           Power      Damage    Failure   Level
 Inner Flame              Hex/Fire       0%         N/A       80%         3
 Irradiate                Conj/Alch      0%         3d11      100%        5
 Ignition                 Fire           0%         3d3       100%        8

Inventory:

Hand Weapons
 a - a +0 long sword (weapon) {Therese}
 f - a +0 dagger (offhand) {Cuetlachtli}
Missiles
 d - 3 throwing nets (quivered) {=f!f}
 e - a javelin
 j - 11 stones
 p - 17 poisoned darts
 v - 2 boomerangs
Armour
 b - a +0 leather armour (melded)
 c - a +0 helmet (melded)
 k - a +0 pair of boots (melded)
   (You found it on level 3 of the Dungeon)
 l - a +0 cloak (melded)
   (You found it on level 1 of the Dungeon)
Jewellery
 C - a ring of ice
   (You found it on level 1 of the Dungeon)
Wands
 t - a wand of roots (7)
   (You found it on level 3 of the Dungeon)
Scrolls
 g - a scroll of fear {unknown}
 h - a scroll of butterflies {unknown}
 i - a scroll of teleportation {@r4}
 m - a scroll of noise {unknown}
 n - a scroll of poison {unknown}
 r - a scroll of revelation
 s - a scroll of silence {unknown}
Potions
 o - a potion of mutation {!q}
 u - a potion of invisibility {unknown}

Dungeon Overview and Level Annotations

Branches:
Dungeon (3/15) Zot: 16520

Altars:

Shops:
D:1

( #... $# ... ... ...
#.# #.# #.# #.# #.#
#w####.# #.#.#
#######......####.#.#
......B♣............#
############.##.....#
#.##.....#### #..#
########.##........
#..#
#........###.†.#.#
#..#
#.##....###......#
#>.#
#.##.......>.....#
#..#
#.##............##
#..#
#.###.#..##.....#


You could see a ribbon worm and a bombardier beetle.


Message History

You slash the adder with your +0 long sword!
You kill the adder!
You have reached level 4!
You feel agile. 😎 HP[+6] MP[+1]
You now have 33 max hp (+6).
Your hp is fully restored (33).
Your mp is fully restored (4).
Okay, then.
A frilled lizard comes into view.
Unknown command.
A frilled lizard is nearby!
The frilled lizard hisses angrily.
A frilled lizard is nearby!
A frilled lizard is nearby!
You slash the frilled lizard with your +0 long sword!
You kill the frilled lizard!
p - 17 poisoned darts (gained 6) No target in view!
No target in view!
No target in view!
No target in view!
There is a stone staircase leading down here.
A bombardier beetle comes into view.
A bombardier beetle is nearby!
A bombardier beetle is nearby!
The bombardier beetle sprays incendiary fluid at you.
The burning spray hits you.
You are covered in liquid fire!
A ribbon worm comes into view.
You shake off some of the fire as you move.
The liquid fire burns you! 😕 HP[-6]
You take 6 damage, and now have 27/33 hp.
You are on fire!
You shake off some of the fire as you move.
The liquid fire burns you!
The bombardier beetle closely misses you.
You are too injured to fight recklessly! 😮 HP[-4]
You take 4 damage, and now have 23/33 hp.
You are too injured to fight recklessly!
You are too injured to fight recklessly!
You are too injured to fight recklessly!
You are too injured to fight recklessly!
You are on fire!
Unknown command.
You hit the bombardier beetle with your +0 long sword.
You hit the bombardier beetle but do no damage.
The liquid fire burns you!
The bombardier beetle sprays incendiary fluid at you.
The burning spray hits you.
You are even more covered in liquid fire! 😮 HP[-2]
You take 2 damage, and now have 21/33 hp.
You hit the bombardier beetle but do no damage.
You hit the bombardier beetle with your +0 dagger.
The liquid fire burns you!
* * * LOW HITPOINT WARNING * * *
Unknown command. 😨 HP[-5]
You take 5 damage, and now have 16/33 hp.
You closely miss the bombardier beetle with your +0 long sword.
You hit the bombardier beetle but do no damage.
The liquid fire burns you!
* * * LOW HITPOINT WARNING * * *
The ribbon worm expels a string of sticky webbing.
The stream of webbing hits you but does no damage.
You are caught in a web!
The bombardier beetle bites you but does no damage. 😨 HP[-6]
You take 6 damage, and now have 10/33 hp.
The web tears apart.
The liquid fire burns you!
* * * LOW HITPOINT WARNING * * *
😱 HP[-4]
You take 4 damage, and now have 6/33 hp.
Unknown command.
You hit the bombardier beetle but do no damage.
You barely miss the bombardier beetle with your +0 dagger.
The liquid fire burns you!
* * * LOW HITPOINT WARNING * * *
The bombardier beetle barely misses you. 😱 HP[-2]
You take 2 damage, and now have 4/33 hp.
Unknown command.
Okay, then.
It was a potion of mutation.
You feel extremely strange.
You feel resistant to poisons.
You feel clumsy. The liquid fire burns you!
* * * LOW HITPOINT WARNING * * *
The bombardier beetle barely misses you. 😱 HP[-2]
You take 2 damage, and now have 2/33 hp.
It was a potion of lignification.
You turn into a tree.
Your +0 cloak melds into your body.
Your +0 helmet melds into your body.
Your +0 pair of boots melds into your body.
Your +0 leather armour melds into your body.
Your roots penetrate the ground.
The liquid fire burns you!
You die...

Skill      XL: |  1  2 |
---------------+-------+-----
Long Blades    | 4 |  4.8
Fighting       | |  2.0
Throwing       | |  1.7
Dodging        | |  2.6

Action                     |  1- 3 |  4- 6 || total
---------------------------+-------+-------++-------
  Melee: Long sword        |    63 |     5 ||    68
         Dagger            |    53 |     4 ||    57
    Use: Scroll            |     3 |       ||     3
         Potion            |       |     2 ||     2
   Stab: Sleeping          |     4 |       ||     4
 Armour: Leather armour    |    30 |     1 ||    31
  Dodge: Dodged            |    31 |     3 ||    34

Levels and vault maps discovered:
D:1:      elethiomel_arrival_shortcut, layout_basic, serial_shops, shop
D:2:      layout_loops_ring, serial_bayou, serial_bayou_shore_a,
          serial_bayou_pond_a, serial_bayou_shore_b, serial_bayou_pond_e
D:3:      layout_loops_ring, mainiacjoe_overflow_catwalk, xom_redecorated,
          uniq_ijyb

Notes
Turn   | Place    | Note
-------+----------+-------------------------------------------
     0 | D:1      | kae the Coglin Gladiator began the quest for the Orb.
     0 | D:1      | Reached XP level 1. HP: 16/16 MP: 1/1
     0 | D:1      | magus.rc [v1.11.3]
    78 | D:1      | Reached XP level 2. HP: 22/22 MP: 2/2
   310 | D:1      | You fall into a shaft and drop 1 floor!
   599 | D:1      | Found Vaentot's Antique Weapon Shop.
   728 | D:2      | You pick up a book of Spontaneous Combustion and begin
                  | reading...
   728 | D:2      | You add the spells Inner Flame, Irradiate and Ignition to
                  | your library.
   764 | D:2      | Reached skill level 4 in Long Blades
   788 | D:2      | Reached XP level 3. HP: 27/27 MP: 3/3
  1414 | D:3      | Reached XP level 4. HP: 33/33 MP: 4/4
  1455 | D:3      | HP: 6/33 [burnt (4)]
  1457 | D:3      | Gained mutation: Your system is resistant to poisons.
                  | (rPois) [potion of mutation]
  1457 | D:3      | Gained mutation: You are clumsy. (Dex -2) [potion of
                  | mutation]
  1457 | D:3      | HP: 1/33 [burnt (3)]
  1458 | D:3      | Incinerated by a bombardier beetle

Vanquished Creatures
  2 adders
  3 ribbon worms (D:2)
  An orc (D:3)
  An endoplasm (D:1)
  A giant cockroach (D:1)
  A goblin (D:1)
  6 hobgoblins
  5 kobolds
  A quokka (D:2)
  5 ball pythons
  3 bats
  2 frilled lizards (D:3)
  2 rats
33 creatures vanquished.

Table legend:
 A = Non-vault XP
 B = Vault XP
 C = Vault XP percentage of total XP
 D = Non-vault monster count
 E = Vault monster count
 F = Vault count percentage of total count
                 A         B        C        D         E       F
            +---------+---------+-------+---------+---------+-------
      Total |      87 |       0 |   0.0 |      33 |       0 |   0.0
            +---------+---------+-------+---------+---------+-------
        D:1 |      22 |       0 |   0.0 |      14 |       0 |   0.0
        D:2 |      42 |       0 |   0.0 |      12 |       0 |   0.0
        D:3 |      23 |       0 |   0.0 |       7 |       0 |   0.0
            +---------+---------+-------+---------+---------+-------

Skill      XL: |  1  2 |
---------------+-------+-----
Long Blades    | 4 |  4.8
Fighting       | |  2.0
Throwing       | |  1.7
Dodging        | |  2.6

Action                     |  1- 3 |  4- 6 || total
---------------------------+-------+-------++-------
  Melee: Long sword        |    63 |     5 ||    68
         Dagger            |    53 |     4 ||    57
    Use: Scroll            |     3 |       ||     3
         Potion            |       |     2 ||     2
   Stab: Sleeping          |     4 |       ||     4
 Armour: Leather armour    |    30 |     1 ||    31
  Dodge: Dodged            |    31 |     3 ||    34

Illustrated notes

Table legend:
 A = Kills in this place as a percentage of kills in the entire game.
 B = Kills by you in this place as a percentage of kills by you in the entire game.
 C = Kills by friends in this place as a percentage of kills by friends in the entire game.
 D = Other kills in this place as a percentage of other kills in the entire game.
 E = Experience gained in this place as a percentage of experience gained in the entire game.
 F = Experience gained in this place divided by the number of levels of this place that you have seen.
                   A       B       C       D       E      F
               +-------+-------+-------+-------+-------+----------------------
         Total | 100.0 | 100.0 |   N/A |   N/A | 100.0 |  29.0
       Dungeon | 100.0 | 100.0 |   N/A |   N/A | 100.0 |  29.0
               +-------+-------+-------+-------+-------+----------------------

Table legend: (Time is in decaauts)
 A = Elapsed time spent in this place.
 B = Non-inter-level travel time spent in this place.
 C = Inter-level travel time spent in this place.
 D = Time resting spent in this place.
 E = Time spent auto-exploring this place.
 F = Levels seen in this place.
 G = Mean time per level.
                   A        B        C        D        E       F      G
               +--------+--------+--------+--------+--------+-----+--------+
         Total |   1480 |   1362 |    118 |      0 |   1119 |   3 |  493.3 |
       Dungeon |   1480 |   1362 |    118 |      0 |   1119 |   3 |  493.3 |
               +--------+--------+--------+--------+--------+-----+--------+

Top non-repeatable levels by time:
     D:2: 767 daAuts
     D:1: 563 daAuts
     D:3: 149 daAuts
